 Dungeon Crawl Stone Soup version 0.27-a0-909-g0721f309d1 (webtiles) character file.

Game seed: 3462780487596379586

2706 Froggeryz the Frost Mage (level 9, -1/73 HPs)
             Began as a Vampire Ice Elementalist on Apr 8, 2021.
             Succumbed to a hornet's poison
             ... while paralysed by a hornet
             ... on level 7 of the Dungeon.
             The game lasted 00:13:22 (7869 turns).

Froggeryz the Frost Mage (Vampire Ice Elementalist) Turns: 7869, Time: 00:13:23

Health: -1/73      AC:  5    Str: 10      XL:     9   Next: 39%
Magic:  9/12       EV:  2    Int: 18 (20) God:
Gold:   269        SH:  0    Dex: 18      Spells: 5/12 levels left

rFire    . . .     SeeInvis +   D - +1 dagger (elec)
rCold    . . .     Faith    .   (no shield)
rNeg     . . .     Spirit   .   a - +0 robe
rPois    .         Reflect  .   (no helmet)
rElec    +         Harm     .   B - +1 cloak
rCorr    .         Rampage  .   E - +0 pair of gloves
Will     .....                  (no boots)
Stlth    ++........             (no amulet)
HPRegen  0.42/turn              y - ring "Pedeses" {Wiz rElec Str+3 Dex+3}
MPRegen  0.13/turn              (no ring)

@: paralysed, lethally poisoned (-1 -> -12), freezing walls, regenerating
quickly, slowed
A: alive, fangs 3, see invisible, unbreathing 1, vampiric 2
a: Exsanguinate


You were on level 7 of the Dungeon.
You visited 2 branches of the dungeon, and saw 8 of its levels.

You collected 364 gold pieces.
You spent 95 gold pieces at shops.

Inventory:

Hand Weapons
 g - a +0 short sword of draining
 D - a +1 dagger of electrocution (weapon)
Missiles
 i - 5 atropa-tipped darts
Armour
 a - a +0 robe (worn)
 B - a +1 cloak (worn)
 E - a +0 pair of gloves (worn)
Jewellery
 y - the ring "Pedeses" (left hand) {Wiz rElec Str+3 Dex+3}
   (You found it on level 5 of the Dungeon)

   [ring of wizardry]

   It improves your spell success rate.
   It affects your strength (+3).
   It affects your dexterity (+3).
   It insulates you from electricity.
Wands
 s - a wand of flame (14)
 v - a wand of charming (7)
 x - a wand of random effects (7)
Scrolls
 b - a scroll of holy word {unknown}
 c - a scroll of amnesia {unknown}
 d - 6 scrolls of teleportation {unknown}
 e - a scroll of fear {unknown}
 f - 3 scrolls of fog
 j - 2 scrolls of enchant armour
 k - 2 scrolls of summoning {unknown}
 m - a scroll of immolation {unknown}
 p - a scroll of silence {unknown}
 q - a scroll of magic mapping
 u - a scroll of blinking
 w - a scroll of torment
 A - a scroll of brand weapon
 C - a scroll of identify
Potions
 h - 2 potions of flight
 l - a potion of attraction {unknown}
 n - 3 potions of haste
 o - a potion of magic
 r - 2 potions of mutation {unknown}
 t - a potion of curing {unknown}
 z - a potion of ambrosia {unknown}


   Skills:
 + Level 7.7 Fighting
 - Level 2.1 Dodging
 - Level 3.0 Stealth
 - Level 2.0 Spellcasting
 + Level 10.4 Ice Magic


You had 5 spell levels left.
You knew the following spells:

 Your Spells              Type           Power      Damage    Failure   Level
a - Freeze                Ice            100%       1d11      1%          1
b - Frozen Ramparts       Ice            78%        1d9       1%          3
c - Ozocubu's Armour      Ice            39%        N/A       1%          3

Your spell library contained the following spells:

 Spells                   Type           Power      Damage    Failure   Level
 Foxfire                  Conj/Fire      4%         2x1d4     8%          1
 Summon Small Mammal      Summ           4%         N/A       8%          1
 Hailstorm                Conj/Ice       20%        3d6       9%          4
 Summon Ice Beast         Ice/Summ       20%        N/A       9%          4
 Call Imp                 Summ           1%         N/A       11%         2
 Call Canine Familiar     Summ           1%         N/A       21%         3
 Conjure Flame            Conj/Fire      1%         6-21      21%         3
 Inner Flame              Hex/Fire       1%         N/A       21%         3
 Summon Guardian Golem    Hex/Summ       1%         N/A       21%         3
 Sticky Flame             Conj/Fire      1%         2d3       54%         4
 Summon Lightning Spire   Summ/Air       1%         N/A       54%         4
 Fireball                 Conj/Fire      0%         3d3       86%         5
 Infestation              Necr           0%         N/A       100%        8
 Borgnjor's Revivificati  Necr           Unusable   N/A       N/A         8
 Necromutation            Tmut/Necr      Unusable   N/A       N/A         8
 Death's Door             Necr           Unusable   N/A       N/A         9

Dungeon Overview and Level Annotations

Branches:
Dungeon (7/15)             Temple (1/1) D:5

Altars:
Ashenzari
Cheibriados
Dithmenos
Elyvilon
Fedhas
Gozag
Hepliaklqana
Kikubaaqudgha
Makhleb
Nemelex Xobeh
Okawaru
Ru
Sif Muna
Trog
Uskayaw
Wu Jian
Yredelemnul
Zin
The Shining One

Shops:
D:4 *=::?(


Innate Abilities, Weirdness & Mutations

Your natural rate of healing is unusually fast.
You have razor-sharp teeth.
You have supernaturally acute eyesight. (SInv)
You can survive without breathing.
You are afflicted with vampirism and can become a bat while bloodless.


Message History

Press: ? - help, Dir - look around, f - activate The walls around you are covered in ice.
The wall freezes the hornet.
The hornet stings you!
You are poisoned.
You feel as though you will be slow longer.
The wall freezes the hornet.
The hornet stings you but does no damage.
The wall freezes the hornet!
The hornet stings you!
You feel as though you will be slow longer.
Unknown command.
You hit the hornet but do no damage.
The hornet is moderately wounded.
You feel very sick.
The wall freezes the hornet.
The hornet stings you.
You are more poisoned.
You feel as though you will be slow longer.
The water moccasin skeleton resists.
The wall freezes the water moccasin skeleton.
The wall freezes the hornet.
The hornet stings you!
You feel as though you will be slow longer.
The water moccasin skeleton completely resists.
The wall freezes the water moccasin skeleton but does no damage.
The water moccasin skeleton closely misses you.
Unknown command.
You closely miss the hornet.
The hornet is severely wounded.
You feel very sick.
The wall freezes the hornet.
The hornet stings you!
* * * LOW HITPOINT WARNING * * *
You suddenly lose the ability to move!
The water moccasin skeleton resists.
The wall freezes the water moccasin skeleton.
The water moccasin skeleton bites you.
* * * LOW HITPOINT WARNING * * *
The wall freezes the hornet.
The hornet stings you but does no damage.
The water moccasin skeleton resists.
The wall freezes the water moccasin skeleton.
The water moccasin skeleton bites you.
* * * LOW HITPOINT WARNING * * *
You die...

# #... # #... # #... ###
# ... ..# # #..#.> #
#.... # #.Zy# ####
..##...#@# .....
#.##...#.# #####
#.##..##?#
#########.....##.######
.......#..#...........#
............#.........#
......................#
........รท.###.........#
........#.##..........#


You could see a hornet and a water moccasin skeleton.

Vanquished Creatures
  Pikel (D:5)
  A wraith (D:6)
  A steam dragon (D:6)
  A water moccasin (D:6)
  2 ice beasts
  2 black bears
  A necrophage (D:5)
  An ogre (D:6)
  2 centaurs (D:7)
  2 lemures (D:5)
  2 phantoms
  A bullfrog (D:7)
  2 scorpions (D:7)
  2 howler monkeys
  A centaur zombie (D:7)
  2 bullfrog skeletons
  A bullfrog zombie (D:6)
  An orc priest (D:7)
  Crazy Yiuf (D:6)
  A hound (D:5)
  A jelly (D:5)
  6 iguanas
  Ijyb (D:5)
  3 orc wizards
  A hound zombie (D:5)
  A howler monkey zombie (D:7)
  5 gnolls
  2 adders
  2 white imps (D:7)
  An ufetubus (D:7)
  2 worms
  A dart slug (D:3)
  12 orcs
  6 endoplasms
  4 giant cockroaches
  10 goblins
  3 hobgoblins (D:1)
  4 jackals (D:3)
  2 quokkas
  8 ball pythons
  2 bats
  5 frilled lizards
  6 kobolds
  3 rats
119 creatures vanquished.

Vanquished Creatures (others)
  A sky beast (D:7)
1 creature vanquished.

Grand Total: 120 creatures vanquished

Notes
Turn   | Place    | Note
-------+----------+-------------------------------------------
     0 | D:1      | Froggeryz the Vampire Ice Elementalist began the quest for
                  | the Orb.
     0 | D:1      | Reached XP level 1. HP: 13/13 MP: 3/3
   415 | D:1      | Reached XP level 2. HP: 16/19 MP: 0/5
  1063 | D:1      | Found a faded altar of an unknown god.
  1407 | D:2      | Reached skill level 5 in Ice Magic
  1471 | D:2      | Gained mutation: You are afflicted with vampirism and can
                  | become a bat while bloodless. [Vampire growth]
  1471 | D:2      | Reached XP level 3. HP: 24/24 MP: 6/6
  2392 | D:3      | Reached XP level 4. HP: 30/30 MP: 3/7
  2467 | D:3      | Found a shadowy altar of Dithmenos.
  2893 | D:3      | Reached skill level 6 in Ice Magic
  2991 | D:3      | Learned a level 3 spell: Frozen Ramparts
  3533 | D:4      | Found Plog's Magic Scroll Shop.
  3536 | D:4      | Bought a scroll of blinking for 75 gold pieces
  3536 | D:4      | Bought a scroll of fog for 20 gold pieces
  3626 | D:4      | Found Cuetil's Weapon Emporium.
  3677 | D:4      | Found Dossar's Book Shop.
  3740 | D:4      | Found Miuhehept's Book Emporium.
  3891 | D:4      | Reached skill level 1 in Fighting
  3891 | D:4      | Reached XP level 5. HP: 22/37 MP: 0/8
  4175 | D:4      | Found Teqanose's Jewellery Boutique.
  4206 | D:4      | Found Nufoig's Elemental Accessories.
  4300 | D:5      | Entered Level 5 of the Dungeon
  4312 | D:5      | Noticed a black bear
  4318 | D:5      | Killed a black bear
  4319 | D:5      | Reached XP level 6. HP: 30/46 MP: 3/9
  4453 | D:5      | Found a staircase to the Ecumenical Temple.
  4464 | D:5      | Identified the ring "Pedeses" {Wiz rElec Str+3 Dex+3}
  4472 | Temple   | Entered the Ecumenical Temple
  4614 | D:5      | Noticed Pikel
  4643 | D:5      | Killed Pikel
  4644 | D:5      | Reached skill level 7 in Ice Magic
  4644 | D:5      | Reached XP level 7. HP: 16/55 MP: 4/10
  4754 | D:5      | Noticed Ijyb
  4761 | D:5      | Killed Ijyb
  4856 | D:5      | Reached skill level 8 in Ice Magic
  4860 | D:5      | Learned a level 3 spell: Ozocubu's Armour
  5021 | D:5      | Reached skill level 5 in Fighting
  5045 | D:5      | Reached XP level 8. HP: 37/62 MP: 4/11
  5418 | D:5      | Found a sparkling altar of Nemelex Xobeh.
  5965 | D:6      | Reached skill level 9 in Ice Magic
  6288 | D:6      | Found a broken altar of Ashenzari.
  6464 | D:6      | Reached XP level 9. HP: 43/63 MP: 6/12
  6538 | D:6      | Found a runed translucent door.
  6539 | D:6      | Noticed Crazy Yiuf
  6545 | D:6      | Killed Crazy Yiuf
  6708 | D:6      | Found a sacrificial altar of Ru.
  6984 | D:7      | Reached skill level 10 in Ice Magic
  7564 | D:7      | Found a bloodstained altar of Trog.
  7868 | D:7      | Paralysed by a hornet for 3 turns
  7868 | D:7      | HP: 1/73 [water moccasin skeleton (6)]
  7869 | D:7      | Succumbed to a hornet's poison

Illustrated notes

Levels and vault maps discovered:
D:1:      dpeg_arrival_tiny_a, layout_basic,
          shapermc_ecumenical_altar_mp_urbaneastern
D:2:      layout_basic, minmay_fountain_box, minivault_4
D:3:      layout_loops_ring, nicolae_overflow_hidden_temple,
          nicolae_dithmenos_through_a_glass_darkly, grunt_decor_one_mirror,
          minmay_misc_feat_ornament, hex_tiny
D:4:      minmay_bubble_buster, layout_gridville, serial_shops,
          kennysheep_mini_moat, shop_statue, shop, shop_statue, shop,
          nicolae_elemental_shop, columned_hall_lemuel
D:5:      layout_rooms, pf_just_have_faith, minmay_temple_entry_statues_pillars,
          grunt_ministairs_12, uniq_ijyb, uniq_pikel
D:6:      layout_loops_ring, nicolae_ru_the_path_less_chosen, ashenzari_altar_1,
          corexii_item_surrounded_by_moat, uniq_crazy_yiuf_cottage
D:7:      layout_rooms, lemuel_coloured_pillars_altar
Temple:   zaba_magenta_temple

Skill      XL: |  1  2  3  4  5  6  7  8  9 |
---------------+----------------------------+-----
Ice Magic      | 5 6 7 8 9 10 | 10.4
Fighting       | 1 2 4 5 6 7 |  7.7
Dodging        | |  2.1
Stealth        | |  3.0
Spellcasting   | |  2.0

Action                   |  1- 3 |  4- 6 |  7- 9 || total
-------------------------+-------+-------+-------++-------
Melee: Unarmed           |    21 |       |       ||    21
       Bite              |     3 |     5 |    24 ||    32
       Short sword       |    26 |   109 |   214 ||   349
       Dagger            |       |       |    12 ||    12
 Cast: Freeze            |    29 |    21 |       ||    50
       Frozen Ramparts   |       |     5 |    25 ||    30
       Ozocubu's Armour  |       |       |    11 ||    11
 Abil: End Transformatio |       |       |     1 ||     1
       Bat Form          |       |       |     1 ||     1
       Exsanguinate      |       |       |     1 ||     1
       Revivify          |       |       |     1 ||     1
Evoke: Wand              |       |       |    21 ||    21
  Use: Scroll            |       |     4 |     3 ||     7
       Potion            |       |     3 |       ||     3
 Stab: Sleeping          |    11 |     3 |     6 ||    20
       Distracted        |     2 |       |       ||     2
Armor: Robe              |    10 |    14 |    75 ||    99
Dodge: Dodged            |    36 |    80 |   178 ||   294

Table legend: (Time is in decaauts)
 A = Elapsed time spent in this place.
 B = Non-inter-level travel time spent in this place.
 C = Inter-level travel time spent in this place.
 D = Time resting spent in this place.
 E = Time spent auto-exploring this place.
 F = Levels seen in this place.
 G = Mean time per level.
                   A        B        C        D        E       F      G
               +--------+--------+--------+--------+--------+-----+--------+
         Total |   7919 |   7800 |    119 |   1152 |   5295 |   8 |  989.9 |
       Dungeon |   7818 |   7699 |    119 |   1152 |   5241 |   7 | 1116.9 |
        Temple |    100 |    100 |      0 |      0 |     54 |   1 |  100.0 |
               +--------+--------+--------+--------+--------+-----+--------+

Top non-repeatable levels by time:
     D:5: 1411 daAuts
     D:6: 1231 daAuts
     D:3: 1226 daAuts
     D:2: 1183 daAuts
     D:1: 1079 daAuts
     D:4: 893 daAuts
     D:7: 792 daAuts
  Temple: 100 daAuts
